 Dungeon Crawl Stone Soup version 0.29.0-4-gdea44cf6ec (webtiles) character file.

Game seed: 17712334576881090479

27 qw the Chopper (level 3, -2/29 HPs)
             Began as a Barachi Chaos Knight on Sept 3, 2022.
             Slain by a gnoll
             ... wielding a +0 club
              (4 damage)
             ... on level 1 of the Dungeon on Sept 4, 2022.
             The game lasted 00:00:31 (1032 turns).

qw the Chopper (Barachi Chaos Knight)               Turns: 1032, Time: 00:00:32

Health: -2/29      AC:  5    Str: 15    XL:     3   Next: 10%
Magic:  3/3        EV: 11    Int: 10    God:
Gold:   27         SH:  0    Dex: 11    Spells: 2/2 levels left

rFire   . . .      SeeInvis .   a - +0 hand axe (chaos)
rCold   . . .      Faith    .   (no shield)
rNeg    . . .      Spirit   .   b - +2 leather armour
rPois   .          Reflect  .   (no helmet)
rElec   .          Harm     .   (no cloak)
rCorr   .          Rampage  .   (no gloves)
Will    .....                   (no boots)
Stlth   +.........              (no amulet)
HPRegen 0.09/turn               (no ring)
MPRegen 0.08/turn               (no ring)

@: unable to read, slow
A: amphibious, slowness 1, strong legs 1, +LOS, dopey 1, inability to read after
injury 1
a: Hop


You were on level 1 of the Dungeon.
You visited 1 branch of the dungeon, and saw 1 of its levels.

You collected 27 gold pieces.


Innate Abilities, Weirdness & Mutations

You are amphibious.
You cover ground slowly.
You can hop short distances.
You have an extended range of vision and can be seen from far away.
You are dopey. (Int -2)
You occasionally lose the ability to read scrolls when taking damage.


   Skills:
 - Level 3.6 Fighting
 - Level 4.5 Axes
 + Level 0.2 Throwing
 - Level 2.4 Armour
 - Level 1.1 Dodging


You had 2 spell levels left.
You didn't know any spells.
Your spell library was empty.

Inventory:

Hand Weapons
 a - a +0 hand axe of chaos (weapon)
 f - a +0 whip
Missiles
 k - 2 javelins (quivered)
Armour
 b - a +2 leather armour (worn)
 i - a +0 ring mail
Scrolls
 e - a scroll of summoning {unknown}
 h - 3 scrolls of vulnerability {unknown}
 j - a scroll of identify {unknown}
Potions
 d - 2 potions of curing {unknown}
 g - a potion of ambrosia {unknown}
Miscellaneous
 c - a piece from Xom's chessboard (15/15)

Dungeon Overview and Level Annotations

Branches:
Dungeon (1/15)

Altars:


Message History

The rat twitches its whiskers.
You hit the rat.
You kill the rat!
There is an open door here.
d - 2 green potions (gained 1)
You open the door.
There is an open door here.
There is an open door here.
A gnoll comes into view. It is wielding a +0 club.
The gnoll shouts!
Enter note: Throw: 5 javelins
Press: ? - help, Q - select action Shift-Dir - straight line, f - gnoll You throw a javelin.
The javelin barely misses the gnoll.
Throw: 4 javelins
Press: ? - help, Q - select action Shift-Dir - straight line, f/p - gnoll You throw a javelin.
The javelin pierces through the gnoll but does no damage.
A kobold comes into view. It is wielding a +0 short sword.
Throw: 3 javelins
Press: ? - help, Q - select action Shift-Dir - straight line, f/p - gnoll You throw a javelin.
The javelin barely misses the gnoll.
You barely miss the gnoll. The gnoll hits you with a +0 club.
You hit the gnoll.
The gnoll is lightly wounded.
The gnoll hits you with a +0 club!
You hit the gnoll but do no damage.
The gnoll flickers and vanishes!
Deactivating autopickup; reactivate with Ctrl-A.
Something hits you. x2
You miss something. Something hits you.
You feel threatened and lose the ability to read scrolls!
You hit something.
You can read scrolls again.
Something hits you.
You feel threatened and lose the ability to read scrolls!
You hit something. You burn something. Something hits you.
You die...

((.# #.. #.# ... #.. ##.#
... .. ##... ... . ##....
#.# ##..... #.# ##......
#K# ##....... #########{#
##.%....#. #........@#
##......###
######.........# #
##......## #
#....'.........#
#.#...)..##
##.###.........###.......##
#.# #.........#.....<..##
#.# #####'#.#...#.......#
#.# #.#.#.#.#.#......# #.#
#.#.#.#.#.##......#
#.#######.#.#.#.#.
##......# #


You could see a kobold.

Vanquished Creatures
  2 dart slugs (D:1)
  3 endoplasms (D:1)
  2 hobgoblins (D:1)
  2 jackals (D:1)
  A quokka (D:1)
  4 ball pythons (D:1)
  2 bats (D:1)
  2 goblins (D:1)
  A kobold (D:1)
  2 rats (D:1)
21 creatures vanquished.

Notes
Turn   | Place    | Note
-------+----------+-------------------------------------------
     0 | D:1      | qw the Barachi Chaos Knight began the quest for the Orb.
     0 | D:1      | Reached XP level 1. HP: 18/18 MP: 1/1
     0 | D:1      | 0 ||| qw: Version: 0.1-a-102-g441f92d
     0 | D:1      | 0 ||| qw: Game counter: 5298
     0 | D:1      | 0 ||| qw: Always use a shield: true
     0 | D:1      | 0 ||| qw: God list: Okawaru
     0 | D:1      | 0 ||| qw: Allow faded altars: false
     0 | D:1      | 0 ||| qw: Do Orc after D:15 true
     0 | D:1      | 0 ||| qw: Do second Lair branch before Depths: true
     0 | D:1      | 0 ||| qw: Lair rune preference: random
     0 | D:1      | 0 ||| qw: Plans: Normal
     0 | D:1      | 0 ||| PLANNING D:1-11
     0 | D:1      | Fell from the grace of Xom
    28 | D:1      | 28 ||| Stepping ~*~*~tactically~*~*~ (stealth).
    29 | D:1      | 29 ||| Stepping ~*~*~tactically~*~*~ (stealth).
    43 | D:1      | 43 ||| Stepping ~*~*~tactically~*~*~ (stealth).
   152 | D:1      | Reached XP level 2. HP: 24/24 MP: 2/2
   200 | D:1      | Reached skill level 4 in Axes
   212 | D:1      | XOM: give mutations
   212 | D:1      | Gained mutation: You are dopey. (Int -2) [Xom's mischief]
   212 | D:1      | Gained mutation: You occasionally lose the ability to read
                  | scrolls when taking damage. [Xom's mischief]
   449 | D:1      | Found a faded altar of an unknown god.
   469 | D:1      | 469 ||| DROPPING +0 club.
   768 | D:1      | 768 ||| Stepping ~*~*~tactically~*~*~ (stealth).
   894 | D:1      | Reached XP level 3. HP: 29/29 MP: 3/3
  1031 | D:1      | HP: 2/29 [something (6)]
  1032 | D:1      | Slain by a gnoll

Levels and vault maps discovered:
D:1:      dpeg_arrival_central, layout_basic,
          dreamdust_ecumenical_altar_angels_and_demons

Skill      XL: |  1  2 |
---------------+-------+-----
Axes           | 4 |  4.5
Fighting       | |  3.6
Throwing       | |  0.2
Armour         | |  2.4
Dodging        | |  1.1

Action                   || total
-------------------------++-------
Melee: Hand axe          ||    49
Throw: Javelin           ||     3
Invok: Renounce Religion ||     1
Armor: Leather armour    ||    11
Dodge: Dodged            ||    17

Table legend:
 A = Non-vault XP
 B = Vault XP
 C = Vault XP percentage of total XP
 D = Non-vault monster count
 E = Vault monster count
 F = Vault count percentage of total count
                 A         B        C        D         E       F
            +---------+---------+-------+---------+---------+-------
      Total |      39 |       0 |   0.0 |      21 |       0 |   0.0
            +---------+---------+-------+---------+---------+-------
        D:1 |      39 |       0 |   0.0 |      21 |       0 |   0.0
            +---------+---------+-------+---------+---------+-------
